Cogmind - Beta 14 @@@ ROGUE MODE // 2025.01.11 @ 14:00:35 Player: Miles Result: Core destroyed Performance ------------- Evolutions (0) 0 Regions Visited (1) 200 Robots Destroyed (14) 70 Value Destroyed (345) 345 Prototype IDs (0) 0 Alien Tech Used (0) 0 Bonus (0) 0 TOTAL SCORE: 615 Bonus ------- None Cogmind --------- Core Integrity 0/250 Matter 265/300 Energy 246/250 System Corruption 0% Temperature Critical (532) Movement Walking (120) Location -10/Materials Parts ------- > --- POWER (1) -------- Ion Engine > --- PROPULSION (2) --- Aluminum Leg Aluminum Leg > --- UTILITY (2) ------ Small Storage Unit Power Shielding > --- WEAPON (2) ------- Small Laser Beam Cannon > --- INVENTORY (8) ---- Aluminum Leg Transport Network Coupler Light Armor Plating Light Armor Plating Small Laser Beam Cannon Mining Laser Peak State ------------ > --- POWER ------------ Ion Engine > --- PROPULSION ------- Aluminum Leg Aluminum Leg > --- UTILITY ---------- Improved Terrain Scanner Improved Terrain Scanner > --- WEAPON ----------- Small Laser Small Laser > --- INVENTORY -------- Light Ion Engine Light Treads Light Treads Small Storage Unit Small Laser [Rating: 11] Favorites ----------- Power Ion Engine Engine Ion Engine Propulsion Aluminum Leg Leg Aluminum Leg Utility Improved Terrain Scanner Device Improved Terrain Scanner Storage Small Storage Unit Protection Light Armor Plating Weapon Small Laser Energy Gun Small Laser Energy Cannon Beam Cannon Special Weapon Mining Laser Build | -11 -10 ------- Run | Yrd Mat Slots Evolved . | . . Power . | . . Propulsion . | . . Utility . | . . Weapon . | . . Parts Attached 20 | 7 13 Power 1 | 1 . Engine 1 | 1 . Core . | . . Reactor . | . . Propulsion 5 | 2 3 Treads . | . . Leg 5 | 2 3 Wheel . | . . Hover . | . . Flight . | . . Utility 5 | 2 3 Device 2 | 2 . Storage 1 | . 1 Processor . | . . Hackware . | . . Protection 2 | . 2 Artifact . | . . Weapon 9 | 2 7 Energy Gun 6 | 2 4 Energy Cannon 2 | . 2 Ballistic Gun . | . . Ballistic Cannon . | . . Launcher . | . . Special Weapon 1 | . 1 Impact Weapon . | . . Slashing Weapon . | . . Piercing Weapon . | . . Special Melee Weapon . | . . Unidentified Prototypes . | . . Parts Lost 2 | . 2 Power . | . . Propulsion 1 | . 1 Utility 1 | . 1 Weapon . | . . Highest Loss Streak 1 | . 1 To Critical Strikes . | . . Average Slot Usage (%) 97 | . 97 Engine 14 | . 14 Leg 26 | . 26 Device 14 | . 14 Storage 6 | . 6 Protection 5 | . 5 Energy Gun 24 | . 24 Energy Cannon 2 | . 2 Peak Build Rating 11 | 11 11 Average Rating 8 | 5 9 On Entrance 5 | . 11 Naked Turns . | . . Heaviest Build 17 | 9 17 Greatest Support 20 | 20 20 Greatest Overweight (x) 1 | 1 1 Average Overweight (x) . | . . Largest Inventory Capacity 8 | 5 8 Average Capacity 6 | 5 6 Most Carried 8 | 5 8 Average Carried 5 | 3 6 Final Capacity 8 | 5 8 Final Carried 7 | 5 7 Class Distribution -------------------- 96% | Mutant 3% | Scavenger-Mutant Dominant Class ---------------- Mutant | -10/Materials Resources | -11 -10 ----------- Run | Yrd Mat Matter Collected 360 | 153 207 Remotely . | . . Salvage Created 700 | 120 580 Parts 26 | 7 19 Haulers Intercepted 1 | . 1 Recyclers Shooed 2 | . 2 Parts Field Recycled . | . . Retrieved Matter . | . . Parts Self-Destructed . | . . Prevented . | . . Kills | -11 -10 ------- Run | Yrd Mat Combat Hostiles Destroyed 8 | . 8 Guns 7 | . 7 Cannons 1 | . 1 Classes Destroyed 4 | 2 2 Tunneler 2 | 2 . Hauler 1 | . 1 Recycler 3 | 1 2 Grunt 8 | . 8 Best Kill Streak 2 | 2 2 Combat Bots Only 2 | . 2 Max Kills in Single Turn 1 | 1 1 Gunslinging . | . . Exploded . | . . Melee . | . . Uniques/NPCs Destroyed . | . . Combat | -11 -10 -------- Run | Yrd Mat Hostile Shots Fired 70 | . 70 Missed 13 | . 13 Damage Taken 772 | . 772 Core 275 | . 275 Absorbed by Shields . | . . Redirected to Shielding 3 | . 3 Core Remaining (%) 100 | 100 . Volleys Fired 59 | 9 50 Largest 2 | 2 2 Hottest 105 | 80 105 Shots Fired 112 | 18 94 Gun 95 | 18 77 Cannon 14 | . 14 Launcher . | . . Special 3 | . 3 Kinetic . | . . Thermal 112 | 18 94 Explosive . | . . Electromagnetic . | . . Robot Hit Streak 9 | 3 9 Robot Miss Streak 4 | 4 3 Penetration Max . | . . Secondary Targets . | . . Shots Hit Robots 65 | 7 58 Core Hits 30 | 4 26 Critical Kills . | . . Critical Parts Destroyed . | . . Critical Strikes . | . . Melee Attacks . | . . Impact . | . . Slashing . | . . Piercing . | . . Sneak Attacks . | . . Combat Hostiles . | . . Follow-up Attacks . | . . Damage Inflicted 823 | 87 736 Guns 683 | 87 596 Cannons 140 | . 140 Explosions . | . . Melee . | . . Ramming . | . . Kinetic . | . . Thermal 823 | 87 736 Explosive . | . . Electromagnetic . | . . Impact . | . . Slashing . | . . Piercing . | . . Highest Corruption . | . . Average Corruption . | . . Corruption Purged . | . . Corruption Blocked . | . . Overload Shots . | . . Overflow Damage 16 | . 16 Projectiles 16 | . 16 Explosions . | . . Melee . | . . Knockbacks . | . . Impact . | . . Kinetic . | . . Secondary . | . . Self-Inflicted Damage . | . . Shots . | . . Rammed . | . . Targets Rammed . | . . Kicked . | . . Crushed . | . . Highest Temperature 554 | 90 554 Average Temperature 131 | 38 146 Received Heat Transfer 408 | . 408 Effects 9 | . 9 Shutdowns 3 | . 3 Energy Bleed 1 | . 1 Short Circuit 1 | . 1 Damage (minor) 1 | . 1 Damage (major) 2 | . 2 Damage (core) 1 | . 1 Siege Activations . | . . Robots Corrupted . | . . Combat Hostiles . | . . Parts Fried . | . . Impact Corruptions . | . . Robots Melted . | . . Combat Hostiles . | . . Parts Melted 3 | . 3 Heat Transferred 1832 | 200 1632 Parts Sabotaged . | . . Parts Stolen . | . . Parts Stripped . | . . Power Chain Reactions . | . . Alert | -11 -10 ------- Run | Yrd Mat Peak Influence 257 | 15 257 Initial 9 | . 9 Average 87 | 4 111 Maximum Alert Level 1 | . 1 Low Security (%) 89 | 100 85 Level 1 10 | . 14 Level 2 . | . . Level 3 . | . . Level 4 . | . . Level 5 . | . . High Security . | . . Max Security . | . . Squads Dispatched 1 | . 1 Investigation . | . . Extermination . | . . Reinforcement 1 | . 1 Assault . | . . Garrison . | . . Intercept . | . . Searches Triggered . | . . Construction Impeded . | . . Haulers Reinforced . | . . Active Scanning Responses . | . . Cargo Convoy Interrupts . | . . Stealth | -11 -10 --------- Run | Yrd Mat Distress Signals 3 | . 3 Communications Jammed . | . . Distress Signals . | . . Times Spotted 17 | . 17 Peak Tracking Total 4 | . 4 Tactical Retreats 2 | . 2 Traps | -11 -10 ------- Run | Yrd Mat Traps Triggered . | . . Indirectly . | . . Trap Hack Attempts . | . . Triggered . | . . Disarmed . | . . Reprogrammed . | . . Reused . | . . Traps Extracted . | . . Installed . | . . Triggered . | . . Machines | -11 -10 ---------- Run | Yrd Mat Machines Disabled . | . . Max in Single Turn . | . . Machines Repaired . | . . Machines Dismantled . | . . Machines Sabotaged . | . . Overloaded Fab Kills . | . . Hacking | -11 -10 --------- Run | Yrd Mat Machines Accessed 1 | . 1 Terminals . | . . Fabricators . | . . Repair Stations . | . . Recycling Units 1 | . 1 Scanalyzers . | . . Garrison Access . | . . Total Hacks 2 | . 2 Successful . | . . Failed 2 | . 2 Catastrophic 1 | . 1 Database Lockouts . | . . Manual . | . . Terminals . | . . Fabricators . | . . Repair Stations . | . . Recycling Units 2 | . 2 Scanalyzers . | . . Garrison Access . | . . Terminal Hacks . | . . Fabricator Hacks . | . . Repair Station Hacks . | . . Recycling Unit Hacks . | . . Scanalyzer . | . . Garrison Access Hacks . | . . Unauthorized Hacks . | . . Terminals . | . . Fabricators . | . . Repair Stations . | . . Recycling Units . | . . Scanalyzers . | . . Garrison Access . | . . Data Cores Recovered . | . . Used . | . . Hacking Detections 1 | . 1 Full Trace Events . | . . Feedback Events . | . . Feedback Blocked . | . . Robot Schematics Acquired . | . . Robots Built . | . . Authchips . | . . Time . | . . Total Robot Build Rating . | . . Part Schematics Acquired . | . . Parts Built . | . . Authchips . | . . Time . | . . Total Part Build Rating . | . . Parts Repaired . | . . Time . | . . Parts Recycled . | . . Recycled Matter . | . . Retrieved Matter . | . . Retrieved Components . | . . Parts Scanalyzed . | . . Part Schematics Acquired . | . . Parts Damaged . | . . Bothacking | -11 -10 ------------ Run | Yrd Mat Used RIF Installer . | . . Robots Hacked . | . . Non-combat . | . . Combat . | . . Robot Hacks Applied . | . . Relay Couplers Released . | . . Fabnet Peak Effective % . | . . Robots Rewired . | . . Allies Hacked . | . . Hacks Repelled . | . . Allies | -11 -10 -------- Run | Yrd Mat Total Allies . | . . Largest Group . | . . Highest-Rated Group . | . . Highest-Rated Ally . | . . Total Orders . | . . Ally Attacks . | . . Total Damage . | . . Kills . | . . Allies Corrupted . | . . Allies Melted . | . . Intel | -11 -10 ------- Run | Yrd Mat Robot Analysis Total . | . . Derelict Logs Recovered . | . . Drone Launches . | . . Drone Recoveries . | . . Exploration | -11 -10 ------------- Run | Yrd Mat Turns Passed 626 | 142 484 Spaces Moved 283 | 83 200 Core 11 | 11 . Treads . | . . Legs 272 | 72 200 Wheels . | . . Hover . | . . Flight . | . . Fastest Speed 50 | 50 120 Average Speed 122 | 115 125 Slowest Speed 190 | 120 190 Overloaded Moves . | . . Propulsion Burnouts . | . . Robots Hopped . | . . Cave-ins Triggered . | . . Exploration Rate (%) 19 | 6 32 Regions Visited 1 Branch Regions . Pre-discovered Areas . | . . Known Exits Taken . | . . Unknown Exits Taken 1 | 1 . Scrap Searched . | . . Spaces Dug 3 | . 3 Terrain Destroyed 3 | . 3 Melee . | . . Projectile 3 | . 3 AOE . | . . Terrain Rammed . | . . Walls Destroyed . | . . Machines Disabled . | . . Actions | -11 -10 --------- Run | Yrd Mat Total 445 | 110 335 Wait 57 | . 57 Move 282 | 82 200 Hop . | . . Pick Up 17 | 11 6 Fast Attach 5 | 2 3 Attach 6 | 5 1 Detach . | . . Swap 9 | . 9 Drop 10 | 1 9 Fire 59 | 9 50 Melee . | . . Ram . | . . Kick . | . . Crush . | . . Escape Stasis . | . . Rewire . | . . Trap . | . . Miscellaneous . | . . Route ------- -11/Scrapyard -10/Materials History --------- Turn | Location | Event 7 | -11/Scrapyard | Discovered new exit (range 15) 143 | -11/Scrapyard | Entered Materials 313 | -10/Materials | Build established: Mutant 560 | -10/Materials | Core integrity fell below 50% 606 | -10/Materials | Core integrity fell below 20% 628 | -10/Materials | Core destroyed Last Messages --------------- 00592_ Lgt. Armor Plating destroyed. 00599_ G-47 Trooper heat damages Aluminum Leg, Aluminum Leg, Lgt. Nuclear Core. 00600_ Destroyed Aluminum Leg. 00600_ Destroyed Lgt. Nuclear Core. 00601_ Power failure, Ion Engine shutdown. 00602_ G-47 Trooper overheating. 00602_ K-01 Serf collects debris. 00603_ Sml. Laser broken. 00603_ Overheating: Short circuit. 00603_ G-47 Trooper heat damages Aluminum Leg. 00606_ G-47 Trooper destroyed. 00607_ K-01 Serf collects debris. 00617_ Power failure, Ion Engine shutdown. 00625_ Overheating: Sml. Laser damaged (-10). 00625_ Overheating: Aluminum Leg damaged (-25). 00626_ G-34 Mercenary destroyed. 00627_ Power failure, Ion Engine shutdown. 00627_ Overheating: Ion Engine damaged (-4). 00628_ Overheating: Core damaged (-45). Map ----- +----------------------------------------------------+ | | | | | | | ???????????????????????????????????????????? | | ???????????????????????????????????????????? | | ???????????????????????????????????????????? | | ???????????????????????????????????????????? | | ???????????????????????????????????????????? | | ???????????????????????????????????????????? | | ???????????????????????????????????????????? | | ???????????????????????????????????????????? | | ???????????????????????????????????????????? | | ???????????????????????????????????????????? | | ???????????????????????????????????????????? | | ???????????????????????????????????????????? | | ???????????????????????????????????????????? | | ???????????????????????????????????????????? | | ???????????????????????????????????????????? | | ??????? ?????????????????????????????????? | | ??????# ????????????????????????????????? | | ??????# ???###########????????????????? | | ?????# [??# ????????????????? | | ?????# [??# """ ""????????????????? | | ?????? | ?# "" "T" #?????????????? | | ???????? ?# """ #?????????????? | | ?????????? # !@ #? ?????????? | | ????????????# ##+############ #????????? | | ????????????# =% #????????? | | ????????????# #????????? | | ????????????# !! !! #????????? | | ???????#+######### =!!! !! #????????? | | ???????# # ! ???????? | | ???????# #[ ???????? | | ???????# +%[ ???????? | | ???????# #= ########????????? | | ???????# ### #???????????????? | | ???????# #?# #############???? | | ???????# * #?# #??"" | | ???????# #?# # """ | | ???????###########?# + | | ???????????????????# ### % # """ | | ???????????????????# ####+##### ^^% #??"" | | ???????????????????# # %[ #!^^ #???? | | ???????????????????# # ! # #???? | | ???????????????????# # # ##??? | | ???????????????????# # # #???? | | ???????????????????# # # #???? | | ?????????????????#?# # # #???? | | ???????????????????? # # #???? | | ???????????????????? # # #??#? | +----------------------------------------------------+ Best States ------------- Heat Dissipation 25 Energy Generation 10 Energy Capacity 250 Matter Stores 300 Matter Capacity 300 Sight Range 16 Terrain Scan Range 16 Terrain Scan Density 10 Armor Coverage 150 Evasion (%) 55 Item Schematics ----------------- None Robot Schematics ------------------ None Fabricated ------------ Nothing Alien Tech Used ----------------- None Achievements -------------- None Challenges ------------ None Game ------ Seed TerrainTransportStripper Manual? 0 Play Time 00:07:10 Cumulative 15.9 hours Start 2024.12.26 @ 12:35:39 End 2025.01.11 @ 14:00:35 Sessions 2 Manual Loads 0 Difficulty Rogue Special Mode None Game No. 28 Rogue 28 Adventurer 0 Explorer 0 Win Type - Total 0 Types 0/0/0/0/0/0/0/0/0 Lore% 6 Gallery% 20 Achievement% 17 Wizard Run 0 Options --------- Layout 1 ASCII 0 Keyboard 0 Movement Mouse Keybinds 0 Fullscreen 1 Font 24/Smallcaps Map View 50x35 Zoom Use 0% Tactical HUD 1 Map Filters NONE Filters NONE Steam 1 RUN: 07ad8c38-d547-4669-9bde-5d38e0aee3de